 Dungeon Crawl Stone Soup version 0.31-a0-851-g7ff8af7976 (webtiles) character file.

Game seed: 12715439953317803119

0 Kurtz the Sneak (level 1, 4/18 HPs)
             Began as a Mummy Delver on Oct 6, 2023.
             Quit the game on level 4 of the Dungeon.
             The game lasted 00:00:40 (139 turns).

Kurtz the Sneak (Mummy Delver)                       Turns: 139, Time: 00:00:41

Health: 4/18       AC:  3    Str: 15    XL:     1   Next: 8%
Magic:  1/1        EV: 11    Int:  9    God:
Gold:   0          SH:  0    Dex: 13    Spells: 0/0 levels left

rFire   x . .        a - +0 hand axe
rCold   + . .        (no shield)
rNeg    + + +        b - +0 leather armour
rPois   ∞            (no helmet)
rElec   .            (no cloak)
rCorr   .            (no gloves)
SInv    .            (no boots)
Will    .....        (no amulet)
Stlth   ++           (no ring)
HPRegen 0.23/turn    (no ring)
MPRegen 0.07/turn

%: faith
@: no status effects
A: cold resistance 1, negative energy resistance 3, torment resistance 2, heat
vulnerability 1, in touch with death 1, no potions, faith
a: no special abilities


You were on level 4 of the Dungeon.
You visited 1 branch of the dungeon, and saw 2 of its levels.

Inventory:

Hand Weapons
 a - a +0 hand axe (weapon)
Armour
 b - a +0 leather armour (worn)
Wands
 f - a wand of digging (3)
Scrolls
 c - a scroll of fog
 d - a scroll of revelation
 e - a scroll of fear


   Skills:
 - Level 3.0 Fighting
 * Level 1.6 Axes
 - Level 1.5 Dodging
 - Level 4.1 Stealth


You couldn't memorise any spells.
You didn't know any spells.
Your spell library was empty.

Dungeon Overview and Level Annotations

Branches:
Dungeon (5/15)
 Temple: D:4-7

Altars:
Cheibriados
Vehumet

Shops:
D:4 (


Innate Abilities, Weirdness & Mutations

You are immune to poison.
Your flesh is cold resistant. (rC+)
You are immune to negative energy. (rN+++)
You are immune to unholy pain and torment.
You are vulnerable to heat. (rF-)
You are in touch with the powers of death.
You do not drink.
You have a special connection with the divine. (Faith)


Message History

An endoplasm comes into view.
Found a pair of boots.
The endoplasm quivers.
The giant cockroach attacks as it pursues you!
The giant cockroach bites you. The ball python barely misses you.
The ball python grabs you. The ball python constricts you.
The ball python's grasp on you weakens, but your attempt to escape fails.
The giant cockroach bites you but does no damage.
The ball python closely misses you. The ball python constricts you.
The giant cockroach bites you.
The ball python's grasp on you weakens, but your attempt to escape fails.
The ball python barely misses you. The ball python constricts you.
The giant cockroach bites you.
The ball python bites you but does no damage.
The ball python constricts you.
You escape the ball python's grasp.
You see here a +0 pair of boots.
An iguana comes into view.
The giant cockroach attacks as it pursues you!
The giant cockroach barely misses you.
You see here a +0 leather armour.
The giant cockroach attacks as it pursues you!
The giant cockroach bites you.
The endoplasm attacks as it pursues you!
The endoplasm closely misses you. The giant cockroach closely misses you.
The endoplasm attacks as it pursues you!
The endoplasm hits you but does no damage.
The giant cockroach barely misses you. The gnoll attacks as it pursues you!
The gnoll hits you with a +0 flail.
You hit the gnoll but do no damage. The gnoll closely misses you.
The gnoll misses you. The gnoll attacks as it pursues you!
The gnoll hits you with a +0 flail.
* * * LOW HITPOINT WARNING * * *
Found a scroll labelled FIFFENG HAONG.
Found a scroll labelled MEOMER NEONN.
You see here a scroll labelled FIFFENG HAONG.
The gnoll attacks as it pursues you! The gnoll closely misses you.
Are you sure you want to abandon this character and quit the game? (Confirm with "yes".)

#.#.J.g.##........
#######g#.[S.###........
#...JSB.#...[#.g........
#J#######.##..........##
#.# #l..##.....##...#
#S#####.####.....# ...#
#.J...#.# #.....# ...#
#####S#?# #.....# ...#
#J#@# #..(..# #### #.#g#
#.....# #... #.#J#
#.....# #... #..?# #...
##### .... #### ##((
#(#( ...#


You could see an iguana (asleep), a gnoll and an endoplasm.

Vanquished Creatures
  A kobold (D:4)
1 creature vanquished.

Vanquished Creatures (others)
  A gnoll (D:4)
1 creature vanquished.

Grand Total: 2 creatures vanquished

Notes
Turn   | Place    | Note
-------+----------+-------------------------------------------
     0 | D:5      | Kurtz the Mummy Delver began the quest for the Orb.
     0 | D:5      | Reached XP level 1. HP: 18/18 MP: 1/1
    27 | D:4      | Found a snail-covered altar of Cheibriados.
    33 | D:4      | Noticed a hound
    50 | D:4      | Noticed a +0 short sword
    50 | D:4      | Noticed a +0 spear
    51 | D:4      | Noticed a +0 short sword
    51 | D:4      | Noticed a +0 spear
    51 | D:4      | Noticed a +0 dagger
    51 | D:4      | Noticed a +0 falchion
    51 | D:4      | Noticed a +0 dagger
    52 | D:4      | Noticed a +0 falchion
    58 | D:4      | Found Uqeuhujo's Weapon Shoppe.
    89 | D:4      | Found a radiant altar of Vehumet.
   111 | D:4      | Noticed an iguana
   139 | D:4      | Quit the game

Illustrated notes

Levels and vault maps discovered:
D:4:      wander_river, layout_basic, nicolae_uskayaw_en_pointe,
          fiery_altar_vehumet, cheibriados_altar_1, temple_green, serial_shops,
          shop_fountains
D:5:      minmay_chambers_of_fours, layout_rooms, uniq_edmund

Action                     || total
---------------------------++-------
  Melee: Hand axe          ||     2
 Armour: Leather armour    ||    32
  Dodge: Dodged            ||    36

Table legend: (Time is in decaauts)
 A = Elapsed time spent in this place.
 B = Non-inter-level travel time spent in this place.
 C = Inter-level travel time spent in this place.
 D = Time resting spent in this place.
 E = Time spent auto-exploring this place.
 F = Levels seen in this place.
 G = Mean time per level.
                   A        B        C        D        E       F      G
               +--------+--------+--------+--------+--------+-----+--------+
         Total |    139 |    132 |      7 |      0 |     16 |   2 |   69.5 |
       Dungeon |    139 |    132 |      7 |      0 |     16 |   2 |   69.5 |
               +--------+--------+--------+--------+--------+-----+--------+

Top non-repeatable levels by time:
     D:4: 112 daAuts
     D:5: 27 daAuts
